 Dungeon Crawl Stone Soup version 0.29-a0-872-g797fff5ad1 (webtiles) character file.

Game seed: 6293783559908790683

63 buhh the Sneak (level 3, -6/16 HPs)
             Began as a Spriggan Enchanter on July 19, 2022.
             Mangled by a goblin
             ... wielding the +12 short sword of Ozaofifi {vorpal, rC+ rN+ Will- SInv}
              (14 damage)
             ... on level 2 of the Dungeon.
             The game lasted 00:07:24 (4839 turns).

buhh the Sneak (Spriggan Enchanter)                 Turns: 4839, Time: 00:07:24

Health: -6/16      AC:  2    Str:  4    XL:     3   Next: 87%
Magic:  4/8        EV: 18    Int: 24    God:
Gold:   92         SH:  0    Dex: 15    Spells: 2/8 levels left

rFire   . . .      SeeInvis +   a - +1 dagger
rCold   . . .      Faith    .   (no shield)
rNeg    . . .      Spirit   .   b - +0 robe
rPois   .          Reflect  .   (helmet restricted)
rElec   .          Harm     .   (no cloak)
rCorr   .          Rampage  .   (gloves unavailable)
Will    .....                   (boots unavailable)
Stlth   +++.......              (no amulet)
HPRegen 0.05/turn               f - +6 ring of intelligence
MPRegen 0.11/turn               (no ring)

@: confusing by touch, very quick
A: very small, no large weapons, unfitting armour, see invisible, speed 3
a: no special abilities


You were on level 2 of the Dungeon.
You visited 1 branch of the dungeon, and saw 2 of its levels.

You collected 92 gold pieces.

Inventory:

Hand Weapons
 a - a +1 dagger (weapon)
Armour
 b - a +0 robe (worn)
Magical Staves
 e - a staff of fire
Jewellery
 f - a +6 ring of intelligence (left hand)
Scrolls
 c - a scroll of identify {unknown}
 d - 2 scrolls of fog {unknown}
 g - a scroll of enchant armour {unknown}
 h - a scroll of fear {unknown}
 i - a scroll of magic mapping {unknown}
 k - a scroll of amnesia {unknown}
Potions
 j - a potion of flight {unknown}
 l - a potion of degeneration {unknown}
 p - a potion of invisibility {!d}


   Skills:
 + Level 2.2 Short Blades
 + Level 3.6 Dodging
 + Level 5.3 Stealth
 - Level 3.0 Spellcasting
 - Level 4.0 Hexes


You had 2 spell levels left.
You knew the following spells:

 Your Spells              Type           Power      Damage    Failure   Level
a - Ensorcelled Hibernat  Hex/Ice        26%        N/A       7%          2
b - Slow                  Hex            92%        N/A       1%          1
c - Confusing Touch       Hex            23%        N/A       6%          3

Your spell library contained the following spells:

 Spells                   Type           Power      Damage    Failure   Level
 Tukima's Dance           Hex            23%        N/A       6%          3
 Dazzling Flash           Conj/Hex       26%        N/A       14%         3


Dungeon Overview and Level Annotations

Branches:
Dungeon (2/15) Zot: 8069

Altars:
Kikubaaqudgha

Shops:
D:1 =[(**


Innate Abilities, Weirdness & Mutations

You are very small and have problems with some larger weapons.
You are too small for most types of armour.
You have supernaturally acute eyesight. (SInv)
You cover ground extremely quickly. (Speed+++)


Message History

There is an open door here.
Aiming: Ensorcelled Hibernation (safe; 7% risk of failure)
Press: ? - help, Q - select action, (/) - cycle Shift-Dir - straight line, f - you That would be overly suicidal.
Okay, then.
The goblin shouts!
Aiming: Slow (safe; 1% risk of failure)
Press: ? - help, Shift-Dir - straight line, f - goblin
Aim: a goblin, wielding the +12 short sword of Ozaofifi {vorpal, rC+ rN+ Will- SInv} and quivering poisoned darts (chance to affect: 78%)
You miscast Slow.
You are very lightly contaminated with residual magic.
Nothing appears to happen.
Aiming: Slow (safe; 1% risk of failure)
Press: ? - help, Shift-Dir - straight line, f/p - goblin
Aim: a goblin, wielding the +12 short sword of Ozaofifi {vorpal, rC+ rN+ Will- SInv} and quivering poisoned darts (chance to affect: 78%)
The goblin seems to slow down.
The goblin throws a poisoned dart.
The poisoned dart hits you!
You are poisoned.
You feel sick.
You feel sick.
You feel sick.
You feel sick.
You start resting.
You feel sick.
You start resting.
You feel sick.
Your magical contamination has completely faded away.
You start resting.
You feel sick.
You start resting.
You feel sick.
You are no longer poisoned.
You start resting.
A goblin is nearby!
Aiming: Ensorcelled Hibernation (safe; 7% risk of failure)
Press: ? - help, Q - select action, (/) - cycle Shift-Dir - straight line, f - you, p - goblin That would be overly suicidal.
Okay, then.
Unknown command.
Okay, then.
Your hands begin to glow red.
The goblin hits you with the +12 short sword of Ozaofifi {vorpal, rC+ rN+ Will- SInv}!
Ouch! That really hurt!
You die...

...##..........#...<.....####....
.......≈≈......'........)(.......
.####≈.≈≈≈≈..###.........####...#
## #.≈≈≈≈...# ##.......## ##... #
#..≈≈≈.### ##.....## ##.#
#......# ##...## #.# ##.##.##
##'## #.# #....##########.# #.#
####.......@.##.# #.#
#..######g##.## #.#
#####..######.#...## #.#
#.....g............########.#
#.###.....##..#...##.....##.. #.#
##.##............###.##.# #>#
#.##.##..##.###.###.....
#.####........##.# #.##......
#...^.....######.# #.......(.


You could see a goblin (slow).

Vanquished Creatures
  Robin (D:2)
  An adder (D:2)
  2 dart slugs
  2 bats (D:1)
  7 goblins
  4 hobgoblins (D:2)
  2 jackals (D:1)
  3 quokkas (D:2)
  2 ball pythons (D:1)
  4 frilled lizards
  5 kobolds
  A quokka zombie (D:2)
  5 rats
39 creatures vanquished.

Vanquished Creatures (others)
  6 withered plants (D:2)
6 creatures vanquished.

Grand Total: 45 creatures vanquished

Notes
Turn   | Place    | Note
-------+----------+-------------------------------------------
     0 | D:1      | buhh the Spriggan Enchanter began the quest for the Orb.
     0 | D:1      | Reached XP level 1. HP: 9/9 MP: 5/5
    13 | D:1      | Found Tufala Umyn's General Store.
   158 | D:1      | Found Impuefar's Antique Weapon Shoppe.
   188 | D:1      | Found Sofossy's Antique Armour Shop.
   205 | D:1      | Found Xyigek's Jewellery Boutique.
   336 | D:1      | Reached XP level 2. HP: 6/13 MP: 6/6
   552 | D:1      | Found Acuvaus's General Store.
   624 | D:1      | Learned a level 2 spell: Ensorcelled Hibernation
   671 | D:1      | Found a faded altar of an unknown god.
   755 | D:1      | Got Plato's Directory of Ensorcelling
  2010 | D:2      | Learned a level 1 spell: Slow
  2028 | D:2      | Reached XP level 3. HP: 16/16 MP: 5/8
  2383 | D:2      | Reached skill level 5 in Stealth
  2458 | D:2      | Noticed Robin
  2723 | D:2      | Identified the +12 short sword of Ozaofifi {vorpal, rC+ rN+
                  | Will- SInv}
  3050 | D:2      | Found an ancient bone altar of Kikubaaqudgha.
  3136 | D:2      | Learned a level 3 spell: Confusing Touch
  3829 | D:2      | Killed Robin
  4839 | D:2      | Mangled by a goblin

Illustrated notes

Levels and vault maps discovered:
D:1:      amcnicky_arrival_double_pillar, layout_basic, serial_shops, shop,
          shop, shop, nicolae_shop_waterfront, shop,
          shapermc_ecumenical_altar_rom_forum, lemuel_another_geyser
D:2:      layout_loops_corners, serial_undead, serial_undead_c, serial_undead_a,
          serial_undead_b, serial_undead_f, basic_altar, uniq_robin

Skill      XL: |  1  2  3 |
---------------+----------+-----
Dodging        | 3 |  3.6
Spellcasting   | 3 |  3.0
Hexes          | 4 |  4.0
Stealth        | 5 |  5.3
Short Blades   | 2 |  2.2

Action                   || total
-------------------------++-------
Melee: Dagger            ||   105
       Punch             ||     1
 Cast: Ensorcelled Hiber ||    38
       Slow              ||     3
       Confusing Touch   ||     1
  Use: Potion            ||     2
 Stab: Sleeping          ||    18
Armor: Robe              ||    10
Dodge: Dodged            ||    70

Table legend: (Time is in decaauts)
 A = Elapsed time spent in this place.
 B = Non-inter-level travel time spent in this place.
 C = Inter-level travel time spent in this place.
 D = Time resting spent in this place.
 E = Time spent auto-exploring this place.
 F = Levels seen in this place.
 G = Mean time per level.
                   A        B        C        D        E       F      G
               +--------+--------+--------+--------+--------+-----+--------+
         Total |   3929 |   3793 |    136 |   1817 |   1348 |   2 | 1964.5 |
       Dungeon |   3929 |   3793 |    136 |   1817 |   1348 |   2 | 1964.5 |
               +--------+--------+--------+--------+--------+-----+--------+

Top non-repeatable levels by time:
     D:2: 2312 daAuts
     D:1: 1617 daAuts
